 Dungeon Crawl Stone Soup version 0.31-a0-931-g7b59d4eb97 (webtiles) character file.

Game seed: 5643144456266332229

287 Pixllover the Caller (level 6, -3/32 HPs)
             Began as a Deep Elf Summoner on Oct 19, 2023.
             Was an Initiate of Vehumet.
             Hit by a stone thrown by a gnoll sergeant (8 damage)
             ... on level 4 of the Dungeon.
             The game lasted 00:16:55 (4406 turns).

Pixllover the Caller (Deep Elf Summoner)            Turns: 4406, Time: 00:16:55

Health: -3/32      AC:  3    Str:  5    XL:     6   Next: 8%
Magic:  1/5        EV: 12    Int: 22    God:    Vehumet [......]
Gold:   124        SH:  0    Dex: 13    Spells: 13/16 levels left

rFire   . . .        m - +0 spear "Omo Tiod" {antimagic, rElec rPois rC+ Dex-2 Stlth+}
rCold   + . .        (no shield)
rNeg    . . .        a - +0 robe
rPois   +            (no helmet)
rElec   +            f - +0 cloak
rCorr   .            (no gloves)
SInv    .            (no boots)
Will    .....        (no amulet)
Stlth   +++          (no ring)
HPRegen 0.25/turn    (no ring)
MPRegen 0.09/turn

%: no passive effects
@: no status effects
A: no striking features
a: Renounce Religion


You were on level 4 of the Dungeon.
You worshipped Vehumet.
Vehumet was noncommittal.
You visited 1 branch of the dungeon, and saw 4 of its levels.

You collected 124 gold pieces.

Inventory:

Hand Weapons
 i - a +2 dagger of freezing
 m - the +0 spear "Omo Tiod" (weapon) {antimagic, rElec rPois rC+ Dex-2 Stlth+}
   (You found it on level 3 of the Dungeon)

   Dex-2:     It affects your dexterity (-2).
   rC+:       It protects you from cold.
   rElec:     It insulates you from electricity.
   rPois:     It protects you from poison Stlth+: It makes you more stealthy.
Missiles
 c - 13 poisoned darts (quivered)
Armour
 a - a +0 robe (worn)
 f - a +0 cloak (worn)
Wands
 j - a wand of flame (15)
Scrolls
 k - a scroll of teleportation {unknown}
 l - 2 scrolls of fog {unknown}
Potions
 b - a potion of magic
 d - a potion of brilliance
 e - 2 potions of mutation {unknown}
 g - a potion of might {unknown}
 h - a potion of heal wounds {unknown}
 n - a potion of curing {unknown}


   Skills:
 + Level 0.1 Fighting
 + Level 0.4 Polearms
 + Level 3.0 Dodging
 + Level 2.6 Stealth
 + Level 5.9 Spellcasting
 + Level 6.4 Summonings


You had 13 spell levels left.
You knew the following spells:

 Your Spells              Type           Power      Damage    Failure   Level
a - Summon Small Mammal   Summ           100%       N/A       1%          1
b - Call Imp              Summ           68%        N/A       1%          2

Your spell library contained the following spells:

 Spells                   Type           Power      Damage    Failure   Level
 Call Canine Familiar     Summ           34%        N/A       1%          3
 Summon Guardian Golem    Hex/Summ       20%        N/A       8%          3
 Summon Lightning Spire   Summ/Air       20%        N/A       24%         4


Dungeon Overview and Level Annotations

Branches:
Dungeon (4/15)
 Temple: D:4-7

Altars:
Elyvilon
Ru
Vehumet


Message History

The gnoll sergeant hits your cerulean imp with a +0 quarterstaff!
Your cerulean imp hits the gnoll sergeant with a -1 spear.
You are too injured to fight recklessly!
Reach: m) +0 spear "Omo Tiod" {antimagic, rElec rPois rC+ Dex-2 Stlth+}
Press: ? - help, Dir - move target, f/p - gnoll sergeant
Aim: a gnoll sergeant, wielding a +0 quarterstaff, wearing a +4 scale mail and quivering stones (lightly wounded, ally target, about 33% to evade the +0 spear "Omo Tiod")
You could not reach far enough!
The gnoll sergeant throws a stone.
The stone closely misses your cerulean imp.
The stone hits you.
Your cerulean imp barely misses the gnoll sergeant.
Reach: m) +0 spear "Omo Tiod" {antimagic, rElec rPois rC+ Dex-2 Stlth+}
Press: ? - help, Dir - move target, f/p - gnoll sergeant
Aim: a gnoll sergeant, wielding a +0 quarterstaff, wearing a +4 scale mail and quivering stones (lightly wounded, ally target, about 33% to evade the +0 spear "Omo Tiod")
You could not reach far enough!
The gnoll sergeant closely misses your cerulean imp.
Your cerulean imp hits the gnoll sergeant but does no damage.
The gnoll sergeant throws a stone.
The stone closely misses you.
Your cerulean imp hits the gnoll sergeant but does no damage.
The gnoll sergeant closely misses you.
Your cerulean imp hits the gnoll sergeant but does no damage.
Reach: m) +0 spear "Omo Tiod" {antimagic, rElec rPois rC+ Dex-2 Stlth+}
Press: ? - help, Dir - move target, f/p - gnoll sergeant
Aim: a gnoll sergeant, wielding a +0 quarterstaff, wearing a +4 scale mail and quivering stones (lightly wounded, ally target, about 33% to evade the +0 spear "Omo Tiod")
You hit the gnoll sergeant.
The gnoll sergeant is moderately wounded.
The gnoll sergeant hits you with a +0 quarterstaff!
* * * LOW HITPOINT WARNING * * *
Your cerulean imp barely misses the gnoll sergeant.
Reach: m) +0 spear "Omo Tiod" {antimagic, rElec rPois rC+ Dex-2 Stlth+}
Press: ? - help, Dir - move target, f/p - gnoll sergeant
Aim: a gnoll sergeant, wielding a +0 quarterstaff, wearing a +4 scale mail and quivering stones (moderately wounded, ally target, about 33% to evade the +0 spear "Omo Tiod")
You barely miss the gnoll sergeant.
The gnoll sergeant is moderately wounded.
The gnoll sergeant hits you but does no damage.
A gnoll comes into view. It is wielding a +0 halberd.
Your cerulean imp hits the gnoll sergeant but does no damage.
Your cerulean imp barely misses the gnoll sergeant.
Your cerulean imp hits the gnoll sergeant but does no damage.
The gnoll sergeant throws a stone.
The stone hits you!
You die...

##..## #....#
#######...## #....##..##
..........# ### ##
....#....## #.###.##
...###...####..#...## #
....#.....##...#....#.##
...........#..g.@.......
..)....†g..††.5.........
<..........#....†....#..
...........#.......###
........#............#
.......###...........#
...###.................
.#.# ....#..............
.###....###.............


You could see a gnoll sergeant (ally target) and a friendly cerulean imp
(summoned).

Vanquished Creatures
  A hound (D:4)
  An adder (D:4)
  An orc (D:3)
  2 hobgoblins
5 creatures vanquished.

Vanquished Creatures (collateral kills)
  An iguana (D:4)
  Terence (D:3)
  An orc wizard (D:3)
  Robin (D:2)
  3 adders
  5 gnolls (D:3)
  4 worms
  A dart slug (D:1)
  5 orcs (D:3)
  An endoplasm (D:1)
  A giant cockroach (D:3)
  9 goblins
  5 hobgoblins
  A jackal (D:1)
  10 kobolds
  2 quokkas
  7 ball pythons
  4 bats
  3 frilled lizards
  5 rats
70 creatures vanquished.

Grand Total: 75 creatures vanquished

Notes
Turn   | Place    | Note
-------+----------+-------------------------------------------
     0 | D:1      | Pixllover the Deep Elf Summoner began the quest for the
                  | Orb.
     0 | D:1      | Reached XP level 1. HP: 10/10 MP: 6/6
   514 | D:1      | Reached XP level 2. HP: 15/15 MP: 8/8
   517 | D:1      | Learned a level 2 spell: Call Imp
   731 | D:1      | Reached skill level 5 in Summonings
  1140 | D:2      | Reached XP level 3. HP: 2/19 MP: 7/10
  1662 | D:2      | Noticed Robin
  1692 | D:2      | Killed Robin
  1987 | D:2      | Reached XP level 4. HP: 20/24 MP: 9/12
  2404 | D:3      | Noticed Terence
  2453 | D:3      | Killed Terence
  2680 | D:3      | Reached skill level 5 in Spellcasting
  2889 | D:3      | Reached XP level 5. HP: 28/28 MP: 10/14
  2920 | D:3      | Reached skill level 6 in Summonings
  3067 | D:3      | Found a radiant altar of Vehumet.
  3113 | D:3      | Became a worshipper of Vehumet
  3289 | D:3      | Found a faded altar of an unknown god.
  3302 | D:3      | Found a white marble altar of Elyvilon.
  3615 | D:3      | Identified the +0 spear "Omo Tiod" {antimagic, rElec rPois
                  | rC+ Dex-2 Stlth+}
  3962 | D:3      | Found a sacrificial altar of Ru.
  4347 | D:4      | Reached XP level 6. HP: 9/32 MP: 1/16
  4406 | D:4      | Hit by a stone thrown by a gnoll sergeant

Illustrated notes

Levels and vault maps discovered:
D:1:      tarquinn_simple_flora_water_d, layout_loops_corners, st_stairs_5
D:2:      layout_loops_corners, uniq_robin
D:3:      layout_basic, nicolae_ru_path_of_blood, vehumet_altar_wand_db,
          nicolae_overflow_ecumenical_swirl, uniq_terence
D:4:      layout_cave_pools, nzn_wu_jian_contemplation, serial_shops, shop

Skill      XL: |  1  2  3  4  5 |
---------------+----------------+-----
Summonings     | 5 6 |  6.4
Spellcasting   | 4 5 |  5.9
Dodging        | 3 |  3.0
Fighting       | |  0.1
Polearms       | |  0.4
Stealth        | |  2.6

Action                     |  1- 3 |  4- 6 || total
---------------------------+-------+-------++-------
  Melee: Unarmed           |     8 |       ||     8
         Spear             |       |    41 ||    41
         Punch             |       |     1 ||     1
   Cast: Summon Small Mamm |    33 |    47 ||    80
         Call Imp          |    12 |    27 ||    39
    Use: Scroll            |     2 |     3 ||     5
         Potion            |     1 |       ||     1
 Armour: Robe              |    39 |    69 ||   108
  Dodge: Dodged            |    53 |    70 ||   123

Table legend: (Time is in decaauts)
 A = Elapsed time spent in this place.
 B = Non-inter-level travel time spent in this place.
 C = Inter-level travel time spent in this place.
 D = Time resting spent in this place.
 E = Time spent auto-exploring this place.
 F = Levels seen in this place.
 G = Mean time per level.
                   A        B        C        D        E       F      G
               +--------+--------+--------+--------+--------+-----+--------+
         Total |   4411 |   4329 |     82 |    607 |   1898 |   4 | 1102.8 |
       Dungeon |   4411 |   4329 |     82 |    607 |   1898 |   4 | 1102.8 |
               +--------+--------+--------+--------+--------+-----+--------+

Top non-repeatable levels by time:
     D:3: 1875 daAuts
     D:2: 1297 daAuts
     D:1: 1074 daAuts
     D:4: 164 daAuts
